 Dungeon Crawl Stone Soup version 0.13.0-21-ge43020b (webtiles) character file.

975 Kae the Chiller (level 7, -1/46 HPs)
             Began as a Demonspawn Ice Elementalist on Oct 26, 2013.
             Slain by an orc warrior
             ... wielding a +0,+0 orcish short sword of venom
              (12 damage)
             ... while paralysed by a potion of paralysis
             ... on Level 5 of the Dungeon.
             The game lasted 00:09:51 (5767 turns).

Kae the Chiller (Demonspawn Ice Elementalist)       Turns: 5767, Time: 00:09:51

HP  -1/46        AC  5     Str  8      XL: 7   Next: 58%
MP   6/15        EV  2     Int 19      God:
Gold 179         SH  0     Dex 13      Spells:  4 memorised,  3 levels left

Res.Fire  : . . .   See Invis. : .   g - +0,+1 dagger
Res.Cold  : . . .   Warding    : .   a - +0 robe
Life Prot.: . . .   Conserve   : .   (no shield)
Res.Poison: .       Res.Corr.  : .   (no helmet)
Res.Elec. : .       Clarity    : .   (no cloak)
Sust.Abil.: . .     Spirit.Shd : .   (no gloves)
Res.Mut.  : .       Stasis     : .   i - +0 pair of boots
Res.Rott. : .       Flight     : .   (no amulet)
Saprovore : + . .                    (no ring)
                                     (no ring)

@: paralysed, mildly poisoned, slightly resistant to hostile enchantments,
fairly stealthy
A: demonic guardian 1, saprovore 1, AC +2
a: no special abilities


You were on level 5 of the Dungeon.
You were not hungry.

You visited 1 branch of the dungeon, and saw 6 of its levels.

You collected 159 gold pieces.

Inventory:

Hand weapons
 g - a +0,+1 dagger (weapon)
Missiles
 j - 2 darts of frost (quivered)
 n - 51 darts
 B - 11 poisoned darts
Armour
 a - a +0 robe (worn)
 i - a +0 pair of boots (worn)
Comestibles
 c - 4 bread rations
 k - a meat ration
 C - a pear
Scrolls
 d - a scroll of amnesia
 h - 3 scrolls of identify
 m - 4 scrolls of remove curse
 o - a scroll of teleportation
 q - a scroll of fog
 t - a scroll of noise
Jewellery
 v - an uncursed ring of hunger
Potions
 e - 2 potions of curing
 f - a potion of restore abilities {unknown}
 l - 2 potions of degeneration {unknown}
 r - 3 potions of speed {unknown}
 s - a potion of mutation {unknown}
 u - 3 potions of confusion {unknown}
 w - a potion of heal wounds {unknown}
 z - 3 potions of magic {unknown}
Books
 b - a book of Frost

   Spells                             Type                      Level
   *Freeze                            Ice                          1
   *Throw Frost                       Conjuration/Ice              2
   *Ozocubu's Armour                  Charms/Ice                   3
   *Throw Icicle                      Conjuration/Ice              4
   Summon Ice Beast                   Ice/Summoning                4
   Condensation Shield                Ice                          4


   Skills:
 - Level 1.7 Dodging
 - Level 1.7 Stealth
 + Level 3.5 Spellcasting
 * Level 4.8 Conjurations
 * Level 5.9 Ice Magic


You had 3 spell levels left.
You knew the following spells:

 Your Spells              Type           Power        Failure   Level  Hunger
a - Freeze                Ice            ####         1%          1    None
b - Throw Frost           Conj/Ice       ###...       2%          2    ##.....
c - Throw Icicle          Conj/Ice       ###.....     17%         4    ####...
d - Ozocubu's Armour      Chrm/Ice       ##........   14%         3    ###....


Dungeon Overview and Level Annotations

Branches:
Dungeon (6/27)
 Temple: D:4-7          Orc: D:6-11

Altars:
Nemelex Xobeh
the Shining One

Annotations:
D:3 exclusion: centaur


Innate Abilities, Weirdness & Mutations

You are partially covered in yellow scales (AC +2).
A weak demonic guardian rushes to your aid.
You can tolerate rotten meat.


Message History

Aim: an orc priest wearing an orcish ring mail (severely wounded)
The shard of ice hits the orc priest.
You kill the orc priest!
You are feeling hungry.
* * * LOW HITPOINT WARNING * * *
You feel sick.
Drink which item? (? for menu, Esc to quit)
You feel better.
It was a potion of curing.
The orc warrior barely misses you.
Drink which item? (? for menu, Esc to quit)
You suddenly lose the ability to move!
It was a potion of paralysis.
The orc warrior barely misses you.
The orc warrior hits you with an orcish short sword of venom.
* * * LOW HITPOINT WARNING * * *
You are poisoned.
The orc warrior hits you with an orcish short sword of venom!
* * * LOW HITPOINT WARNING * * *
* * * LOW HITPOINT WARNING * * *
You feel sick.
The orc warrior hits you with an orcish short sword of venom!
You die...

...##...##.......## #...
....##.##.........## #...
.....###...........## #...
....................## #...
.....................#########...
.................................
.................................
.................................
................@................
..............5.o................
.................................
................>[...............
.................................
)................................
.................................
.................................
....%................#########...


You could see an orc warrior and a friendly ufetubus.

Vanquished Creatures
  An ogre (D:5)
  An ice beast (D:5)
  2 crimson imps (D:5)
  An orc priest (D:5)
  A giant frog zombie (D:5)
  A scorpion (D:4)
  A black bear skeleton (D:4)
  9 worker ants
  An iguana (D:5)
  9 adders
  A giant mite (D:5)
  2 worms
  An ooze (D:1)
  4 giant geckos
  3 orcs
  15 bats
  7 giant cockroaches
  17 hobgoblins
  11 kobolds
  A quokka (D:3)
  5 giant newts
  12 goblins
  A kobold skeleton (D:5)
  A kobold zombie (D:5)
  9 rats
117 creatures vanquished.

Vanquished Creatures (collateral kills)
  A hound (D:4)
1 creature vanquished.

Vanquished Creatures (others)
  An iron imp (D:4)
  A lemure (D:5)
  2 ufetubi
4 creatures vanquished.

Grand Total: 122 creatures vanquished

Notes
Turn   | Place    | Note
--------------------------------------------------------------
     0 | D:1      | Kae, the Demonspawn Ice Elementalist, began the quest for the Orb.
     0 | D:1      | Reached XP level 1. HP: 13/13 MP: 3/3
   135 | D:1      | Reached skill level 3 in Ice Magic
   309 | D:1      | Gained mutation: A weak demonic guardian rushes to your aid. [demonic ancestry]
   309 | D:1      | Reached XP level 2. HP: 19/19 MP: 2/4
   928 | D:2      | Reached XP level 3. HP: 22/24 MP: 4/6
  1045 | D:2      | Learned a level 2 spell: Throw Frost
  1498 | D:2      | Gained mutation: You are partially covered in yellow scales (AC +2). [demonic ancestry]
  1498 | D:2      | Reached XP level 4. HP: 18/30 MP: 4/8
  1615 | D:2      | Reached skill level 4 in Ice Magic
  1950 | D:3      | Learned a level 4 spell: Throw Icicle
  2362 | D:3      | Noticed a centaur
  2864 | D:4      | Reached XP level 5. HP: 29/35 MP: 2/10
  3528 | D:4      | Reached XP level 6. HP: 36/41 MP: 10/12
  4006 | D:5      | Entered Level 5 of the Dungeon
  4119 | D:5      | Found a glowing golden altar of the Shining One.
  4131 | D:5      | Reached skill level 5 in Ice Magic
  4796 | D:5      | Gained mutation: You can tolerate rotten meat. [demonic ancestry]
  4796 | D:5      | Reached XP level 7. HP: 46/46 MP: 1/14
  5032 | D:5      | Learned a level 3 spell: Ozocubu's Armour
  5666 | D:5      | Found a sparkling altar of Nemelex Xobeh.
  5764 | D:5      | Paralysed by a potion of paralysis for 6 turns
  5767 | D:5      | Slain by an orc warrior

Action                   |  1- 3 |  4- 6 |  7- 9 || total
-------------------------+-------+-------+-------++-------
Melee: Unarmed           |     3 |       |       ||     3
       Dagger            |    80 |   100 |    27 ||   207
 Cast: Freeze            |    55 |    82 |    14 ||   151
       Throw Frost       |     1 |    43 |    14 ||    58
       Throw Icicle      |       |       |     7 ||     7
  Use: Scroll            |       |       |    12 ||    12
       Potion            |       |       |     2 ||     2
